 Dungeon Crawl Stone Soup version 0.31.0-1-g2c135a008e (webtiles) character file.

Game seed: 4387325241266563016

53 qw the Shooter (level 4, -2/34 HPs)
             Began as a Djinni Hunter on Jan 23, 2024.
             Slain by a goblin
             ... wielding a +0 club
             ... led by Robin
              (3 damage)
             ... on level 2 of the Dungeon.
             The game lasted 00:00:03 (1229 turns).

qw the Shooter (Djinni Hunter)                      Turns: 1229, Time: 00:00:04

Health: -2/34      AC:  5    Str: 10    XL:     4   Next: 11%
Gold:   91         EV: 11    Int: 11    God:
                   SH:  0    Dex: 18

rFire   + + .        a - +1 shortbow
rCold   x . .        (shield currently unavailable)
rNeg    . . .        d - +0 ring mail
rPois   inf          (no helmet)
rElec   .            (no cloak)
rCorr   .            (no gloves)
SInv    .            (boots unavailable)
Will    .....        (no amulet)
Stlth   +            (no ring)
HPRegen 0.25/turn    (no ring)
MPRegen 0.00/turn

%: infuse magic (-3 HP)
@: flying
A: sickness immunity, fire resistance 2, cold vulnerability 1, float, innate
caster, HP casting, extra vitality 1
a: no special abilities


You were on level 2 of the Dungeon.
You visited 1 branch of the dungeon, and saw 2 of its levels.

You collected 91 gold pieces.


Innate Abilities, Weirdness & Mutations

You are immune to sickness and miasma.
You are immune to poison.
Your flesh is very heat resistant. (rF++)
You are vulnerable to cold. (rC-)
You float through the air rather than walking.
You learn spells naturally, not from books.
Your magical power is your life essence.
You have superior vitality. (+4 MHP)


   Skills:
 + Level 2.5 Fighting
 - Level 4.0 Ranged Weapons
 - Level 1.2 Armour
 - Level 2.1 Dodging
 - Level 0.7 Stealth


You knew the following spells:

 Your Spells              Type           Power      Damage    Failure   Level
a - Sting                 Conj/Alch      0%         1d3       65%         1
Your spell library was empty.

Inventory:

Hand Weapons
 a - a +1 shortbow (weapon)
Armour
 d - a +0 ring mail (worn)
Scrolls
 b - a scroll of identify
Potions
 c - a potion of resistance {unknown}
 e - a potion of curing
 i - a potion of heal wounds {unknown}

Dungeon Overview and Level Annotations

Branches:
Dungeon (2/15)

Altars:

Annotations:
D:2 Robin


Message History

The arrow hits the phantom.
The phantom is heavily damaged.
The phantom closely misses you. Robin hits you with a +0 dagger.
The hobgoblin hits you but does no damage.
The ball python bites you. The ball python completely misses you.
The hobgoblin misses you. The phantom hits you.
Robin hits you with a +0 dagger. The hobgoblin hits you.
The ball python barely misses you. The ball python grabs you.
The ball python constricts you.
You shoot an arrow. The arrow hits the ball python.
You kill the ball python!
The hobgoblin barely misses you. The hobgoblin closely misses you.
The phantom closely misses you.
You shoot an arrow. The arrow closely misses the phantom.
The arrow hits the goblin but does no damage.
The hobgoblin hits you but does no damage.
The hobgoblin hits you.
The hobgoblin hits you but does no damage.
The phantom barely misses you. Robin hits you but does no damage.
A bat comes into view.
You shoot an arrow. The arrow closely misses the phantom.
The arrow hits the goblin.
The goblin is severely wounded.
The hobgoblin hits you but does no damage.
The hobgoblin barely misses you. The phantom hits you.
The phantom blinks!
You blink.
Found a stone staircase leading down.
Robin throws the goblin at you! The hobgoblin closely misses you.
The goblin closely misses you. The hobgoblin barely misses you.
The phantom barely misses you. The goblin hits you but does no damage.
You shoot an arrow.
The arrow hits the phantom but does no damage.
The phantom is moderately damaged.
The hobgoblin barely misses you. The goblin barely misses you.
The goblin hits you with a +0 dagger. The goblin hits you but does no damage.
The hobgoblin barely misses you. The phantom closely misses you.
You shoot an arrow. The arrow hits the phantom!
The phantom is severely damaged.
The hobgoblin hits you. The goblin barely misses you.
The hobgoblin hits you but does no damage.
The goblin hits you with a +0 club.
You die...

### ## . ... .# .# ..# .##.##
#.# >#>..##
#######.######...#...
...........ggg.......
......#.#..gggg......
#..........gg@#..#.
.#....#.#..Kg#Wb..#
#######.############## ###
##..#)(##.## ##.###...###.##
##.##.#####.###.#.#.###...#.#
#.####..####..)###.########.#
#.######.##.#### ##.##..##.##
##.8# ##..## ##.%###.##
#######################.###


You could see a phantom, Robin, 4 hobgoblins, 5 goblins, a bat and a kobold.

Vanquished Creatures
  2 adders (D:2)
  A dart slug (D:1)
  A bat (D:2)
  3 endoplasms (D:1)
  2 giant cockroaches
  3 goblins
  5 hobgoblins
  2 quokkas (D:1)
  3 ball pythons
  A frilled lizard (D:1)
  4 kobolds
  3 rats
30 creatures vanquished.

Notes
Turn   | Place    | Note
-------+----------+-------------------------------------------
     0 | D:1      | qw the Djinni Hunter began the quest for the Orb.
     0 | D:1      | Reached XP level 1. HP: 18/18 MP: 0/0
     0 | D:1      | 0 ||| qw: Version: 0.3-a-136-gdd3b4e8
     0 | D:1      | 0 ||| qw: Game counter: 1069
     0 | D:1      | 0 ||| qw: Melee chars always use a shield: true
     0 | D:1      | 0 ||| qw: God list: Okawaru
     0 | D:1      | 0 ||| qw: Allow faded altars: false
     0 | D:1      | 0 ||| qw: Do Orc after clearing Dungeon:15 true
     0 | D:1      | 0 ||| qw: Do second Lair branch before Depths: true
     0 | D:1      | 0 ||| qw: Lair rune preference: random
     0 | D:1      | 0 ||| qw: Goals: Normal
     0 | D:1      | 0 ||| PLANNING D:1-11
   279 | D:1      | Reached XP level 2. HP: 11/23 MP: 0/0
   893 | D:1      | Reached XP level 3. HP: 28/28 MP: 0/0
   893 | D:1      | Learned a level 1 spell: Sting
   897 | D:1      | 897 ||| UPGRADING to +0 ring mail.
   907 | D:1      | 907 ||| DROPPING +0 leather armour.
   908 | D:1      | 908 ||| READING scroll labelled YKAIKEZUMI.
   909 | D:1      | 909 ||| READING scroll labelled HISMULYTOE.
  1010 | D:1      | 1010 ||| READING scroll labelled IGUSTO QAEPS.
  1010 | D:1      | 1010 ||| ENCHANTING +0 shortbow.
  1011 | D:1      | 1011 ||| READING scroll labelled QACEICRANNO.
  1012 | D:1      | 1012 ||| READING scroll labelled OMACWAREKEE.
  1012 | D:1      | 1012 ||| IDENTIFYING bubbling inky potion
  1013 | D:1      | 1013 ||| DROPPING scroll of butterflies.
  1064 | D:2      | Reached skill level 4 in Ranged Weapons
  1110 | D:2      | Reached skill level 1 in Armour
  1169 | D:2      | Reached XP level 4. HP: 34/34 MP: 0/0
  1217 | D:2      | Noticed a phantom
  1219 | D:2      | Noticed Robin
  1227 | D:2      | HP: 6/34 [phantom (4)]
  1228 | D:2      | HP: 2/34 [goblin/+0 dagger[Robin] (2)]
  1229 | D:2      | Slain by a goblin

Levels and vault maps discovered:
D:1:      psy_arrival_fountain, layout_basic
D:2:      wad_river_or_something, layout_loops_ring,
          hellmonk_ecumenical_altar_slurped_away, uniq_robin

Skill      XL: |  1  2  3 |
---------------+----------+-----
Ranged Weapons | 4 |  4.0
Armour         | 1 |  1.2
Fighting       | |  2.5
Dodging        | |  2.1
Stealth        | |  0.7

Action                     |  1- 3 |  4- 6 || total
---------------------------+-------+-------++-------
   Fire: Shortbow          |    94 |    16 ||   110
    Use: Scroll            |     5 |       ||     5
 Armour: Leather armour    |    15 |       ||    15
         Ring mail         |     2 |    25 ||    27
  Dodge: Dodged            |    27 |    19 ||    46

Table legend:
 A = Non-vault XP
 B = Vault XP
 C = Vault XP percentage of total XP
 D = Non-vault monster count
 E = Vault monster count
 F = Vault count percentage of total count
                 A         B        C        D         E       F
            +---------+---------+-------+---------+---------+-------
      Total |      51 |      26 |  33.8 |      22 |       8 |  26.7
            +---------+---------+-------+---------+---------+-------
        D:1 |      29 |       0 |   0.0 |      16 |       0 |   0.0
        D:2 |      22 |      26 |  54.2 |       6 |       8 |  57.1
            +---------+---------+-------+---------+---------+-------
